Map: Cyber Forest LE

Players

Reynor

  • Race: Zerg Zerg
  • Spawn Location: 5:00

Nerchio - Winner!

  • Race: Zerg Zerg
  • Spawn Location: 11:00

Event: 2019 WCS Summer

VOD

Have the link to the VOD?

Description

Time

  • Played on: July 13, 2019, 12:02 p.m.
  • Length: 8:05

All games in this series

Show
View Real Time Build Order
Export as new Build Order

Reynor Zerg 

Build Orders: Hatch First 

Get SALT Encoding   

  12  0:00  Drone  
  13  0:11  Overlord  
  13  0:16  Drone  
  14  0:30  Drone x2  
  16  0:47  Hatchery  
  15  0:51  Drone  
  15  0:54  Drone  
  17  0:57  Drone  
  18  1:08  Extractor  
  17  1:13  Spawning Pool  
  17  1:16  Drone  
  17  1:20  Drone  
  18  1:27  Drone  
  19  1:38  Drone  
  20  1:49  Drone  
  21  2:00  Zergling x4, Queen x2  
  27  2:10  Overlord  
  27  2:11  Drone  
  28  2:29  Drone x2  
  30  2:31  Drone  
  30  2:32  Drone  
  32  2:39  Queen  
  32  2:41  Lair  
  34  2:44  Evolution Chamber  
  34  2:45  Overlord  
  34  2:47  Drone  
  33  2:53  Drone  
  33  2:54  Drone  
  35  3:04  Drone x2  
  37  3:10  Zerg Missile Weapons Level 1, Drone x3  
  40  3:16  Roach Warren  
  40  3:17  Drone  
  40  3:19  Drone  
  41  3:23  Drone  
  41  3:27  Overlord  
  42  3:28  Drone  
  42  3:31  Extractor  
  42  3:32  Extractor  
  42  3:33  Drone  
  42  3:37  Drone  
  43  3:45  Evolution Chamber  
  43  3:47  Drone x2  
  43  3:48  Drone x4  
  46  3:52  Overlord  
  48  3:57  Glial Reconstitution  
  48  3:58  Drone  
  48  3:59  Overseer  
  48  4:01  Drone  
  50  4:18  Roach x5  
  50  4:21  Overlord  
  60  4:32  Hatchery  
  60  4:35  Overlord  
  60  4:36  Overseer  
  59  4:41  Roach x3  
  62  4:46  Roach x2  
  66  4:53  Roach x2  
  66  4:54  Roach x3  
  66  4:59  Overlord  
  76  5:05  Hatchery  
  75  5:09  Overlord  
  75  5:13  Zerg Missile Weapons Level 2  
  75  5:16  Drone  
  75  5:19  Roach  
  75  5:20  Roach  
  80  5:21  Drone  
  81  5:29  Roach x2  
  81  5:31  Overlord  
  85  5:36  Overlord  
  85  5:38  Roach x3  
  91  5:44  Drone  
  91  5:47  Overlord  
  91  5:49  Drone x2  
  90  5:52  Drone  
  91  5:57  Overlord  
  91  6:00  Zerg Ground Armor Level 1  
  91  6:02  Drone  
  92  6:06  Drone x2  
  92  6:07  Drone  
  95  6:12  Queen  
  95  6:14  Drone  
  98  6:20  Drone x3, Extractor  
  98  6:25  Roach  
  102  6:27  Roach  
  102  6:31  Roach x2  
  108  6:35  Roach x2  
  108  6:37  Overlord  
  112  6:41  Roach  
  112  6:44  Overlord  
  114  6:51  Overlord  
  114  6:57  Ravager  
  114  6:58  Roach x3  
  119  7:03  Roach  
  119  7:04  Roach x4  
  119  7:06  Roach  
  119  7:07  Roach  
  110  7:08  Roach  
  98  7:16  Roach x2  
  98  7:19  Roach  
  98  7:22  Roach x3  
  94  7:26  Roach  
  94  7:28  Roach  
  88  7:30  Roach  
  88  7:36  Roach  
  77  7:38  Roach  
  77  7:41  Roach  
Show
View Real Time Build Order
Export as new Build Order

Nerchio Zerg - Winner!

Build Orders: Pool First 

Get SALT Encoding   

  12  0:00  Drone  
  13  0:12  Overlord  
  13  0:17  Drone  
  14  0:30  Drone x2  
  16  0:40  Spawning Pool  
  15  0:44  Drone  
  15  0:48  Drone  
  17  1:09  Hatchery  
  16  1:12  Drone  
  16  1:18  Drone, Extractor  
  17  1:27  Queen  
  17  1:32  Zergling x2  
  20  1:38  Overlord  
  20  1:40  Drone  
  21  1:49  Drone  
  22  2:00  Drone  
  23  2:03  Queen  
  25  2:11  Drone  
  26  2:17  Metabolic Boost  
  26  2:21  Drone x2  
  28  2:33  Drone x2  
  28  2:36  Drone x2  
  28  2:37  Drone  
  33  2:39  Queen  
  35  2:45  Overlord  
  35  2:54  Drone  
  35  2:58  Overlord  
  36  3:04  Drone x2  
  38  3:09  Overlord  
  38  3:12  Drone x3  
  41  3:13  Evolution Chamber  
  41  3:16  Drone  
  41  3:30  Hatchery  
  41  3:31  Drone x2  
  42  3:39  Zerg Missile Weapons Level 1  
  42  3:43  Drone x6  
  47  3:51  Extractor  
  47  3:52  Drone  
  47  3:53  Extractor  
  47  3:54  Drone, Roach Warren  
  46  3:57  Zergling x2  
  46  3:58  Zergling x2  
  46  4:00  Zergling x2  
  49  4:09  Zergling x2  
  54  4:10  Zergling x8  
  54  4:14  Lair  
  54  4:22  Overlord  
  54  4:31  Overlord x2  
  54  4:38  Roach x3  
  60  4:45  Roach x5  
  69  4:51  Roach x2  
  71  4:56  Roach  
  71  4:57  Roach  
  75  5:03  Roach x3  
  81  5:07  Roach  
  81  5:08  Roach x2  
  81  5:12  Glial Reconstitution  
  87  5:15  Overlord  
  87  5:20  Overlord  
  86  5:31  Roach  
  90  5:35  Roach  
  90  5:36  Roach x3  
  90  5:37  Overlord  
  90  5:41  Drone x4  
  100  5:47  Roach x2  
  102  5:53  Roach x2  
  102  5:54  Overlord  
  105  5:58  Roach  
  105  6:00  Roach  
  110  6:04  Roach x2  
  110  6:09  Roach  
  110  6:11  Overlord  
  114  6:12  Overlord  
  114  6:15  Roach  
  114  6:17  Roach  
  118  6:20  Roach  
  118  6:23  Overlord  
  120  6:26  Overlord  
  120  6:31  Roach x2  
  124  6:33  Roach  
  124  6:37  Roach  
  124  6:38  Roach  
  130  6:42  Roach x2  
  130  6:45  Roach x2  
  138  6:48  Roach  
  138  6:50  Roach  
  138  6:53  Roach  
  144  6:57  Roach x2  
  144  7:02  Roach x2  
  144  7:06  Roach x2  
  144  7:08  Roach  
  134  7:11  Roach  
  134  7:12  Roach  
  134  7:15  Roach  
  126  7:17  Roach  
  126  7:20  Roach  
  120  7:26  Roach x2  
  120  7:29  Roach  
  120  7:31  Roach  
  120  7:36  Roach  
  110  7:38  Roach  
  110  7:42  Roach  
  110  7:43  Roach  
Tags
 
Add a new tag
Caveats
  • Supply blocks, unpowered buildings, or Contaminate may cause inaccurate times.
  • Supply counts are checked every 10 seconds.